 Dungeon Crawl Stone Soup version 0.23.2-1-ga50397a6bc (webtiles) character file.

Game seed: 16282946728621952904

2611 Mrkan the Cleaver (level 9, 0/81 HPs)
             Began as a Hill Orc Monk on May 25, 2019.
             Was a Priest of Zin.
             Killed from afar by Erica (8 damage)
             ... with a bolt of poison
             ... on level 7 of the Dungeon.
             The game lasted 00:12:47 (6320 turns).

Mrkan the Cleaver (Hill Orc Monk)                   Turns: 6320, Time: 00:12:48

Health: 0/81       AC: 11    Str: 17    XL:     9   Next: 60%
Magic:  13/13      EV:  6    Int: 10    God:    Zin [***...]
Gold:   192        SH:  8    Dex: 19    Spells: 8/8 levels left

rFire    . . .     SeeInvis .   u - +1 war axe (freeze)
rCold    . . .     Gourm    .   p - +2 buckler
rNeg     . . .     Faith    .   s - +0 plate armour
rPois    .         Spirit   .   (no helmet)
rElec    .         Reflect  .   (no cloak)
rCorr    .         Harm     .   (no gloves)
MR       .....                  (no boots)
Stlth    ..........             (no amulet)
HPRegen  0.23/turn              (no ring)
MPRegen  0.13/turn              o - +6 ring of dexterity

@: lethally poisoned (0 -> -10), slowed, very slow
A: no striking features
a: Recite, Vitalisation, Imprison, Donate Gold, Renounce Religion


You were on level 7 of the Dungeon.
You worshipped Zin.
Zin was most pleased with you.
You were not hungry.

You visited 2 branches of the dungeon, and saw 9 of its levels.

You collected 213 gold pieces.
You donated 21 gold pieces to Zin.

Inventory:

Hand Weapons
 u - a +1 war axe of freezing (weapon)
Armour
 p - a +2 buckler (worn)
 s - a +0 plate armour (worn)
Jewellery
 a - a +2 ring of intelligence {unknown}
 d - a cursed amulet of inaccuracy {unknown}
 k - an uncursed ring of ice
 m - an uncursed ring of positive energy {unknown}
 o - a +6 ring of dexterity (right hand)
 w - a cursed ring of attention {unknown}
Scrolls
 e - 4 scrolls of teleportation {unknown}
 f - 3 scrolls of random uselessness {unknown}
 g - 2 scrolls of enchant weapon {unknown}
 h - 4 scrolls of enchant armour {unknown}
 i - 9 scrolls of identify {unknown}
 j - 2 scrolls of amnesia {unknown}
 l - 2 scrolls of magic mapping {unknown}
 n - a scroll of noise {unknown}
 q - 2 scrolls of immolation {unknown}
 r - 3 scrolls of remove curse {unknown}
 v - a scroll of fear {unknown}
 y - a scroll of blinking {unknown}
Potions
 t - a potion of flight
 A - a potion of berserk rage {unknown}
Comestibles
 c - 15 rations


   Skills:
 + Level 7.9 Fighting
 * Level 11.5 Axes
 + Level 3.7 Armour
 - Level 2.4 Dodging
 - Level 1.5 Stealth
 - Level 4.1 Shields
 * Level 6.5 Invocations


You had 8 spell levels left.
You didn't know any spells.
Your spell library contained the following spells:

 Spells                   Type           Power        Failure   Level  Hunger
 Corona                   Hex            #......      100%        1    ##.....
 Ensorcelled Hibernation  Hex/Ice        #.....       100%        2    ###....
 Confuse                  Hex            #.......     100%        3    ####...
 Dazzling Spray           Conj/Hex       #.....       100%        3    ####...
 Tukima's Dance           Hex            #.......     100%        3    ####...


Dungeon Overview and Level Annotations

Branches:
Dungeon (8/15)             Temple (1/1) D:6
   Lair: D:8-11

Altars:
Ashenzari
Cheibriados
Dithmenos
Elyvilon
Fedhas
Gozag
Hepliaklqana
Kikubaaqudgha
Makhleb
Nemelex Xobeh
Okawaru
Qazlal
Ru
Sif Muna
Trog
Uskayaw
Vehumet
Wu Jian
Xom
Yredelemnul
Zin
The Shining One

Annotations:
D:7 Erica


Message History

* * * LOW HITPOINT WARNING * * *
Unknown command.
It was a potion of curing.
You feel better.
You hear some strange, mumbled words.
A bolt of poison appears from out of thin air!
The bolt of poison hits you!
You are poisoned.
* * * LOW HITPOINT WARNING * * *
Press: ? - help, v - describe, . - travel The floor, spattered with blood.
You feel better. Something hits you.
* * * LOW HITPOINT WARNING * * *
Something burns you.
* * * LOW HITPOINT WARNING * * *
You hit something but do no damage.
You hear some strange, mumbled words.
A bolt of poison appears from out of thin air!
The bolt of poison hits you!
You are lethally poisoned!
You die...

#.....### #.#.....#
#.#####.# #...(.#.#
#.###.#)# #.# #.#.#
#####################.#.#
..................>...#.###
#####'##########@#.#......#
#........# #.#.#.##.#.#
#........# #.#.#.##...#
#........# #.#.#.######
#........# #...#.#
####'##### #####.#####
#####'## #.....# .......#
#######.# .......#
#.....#.#


There were no monsters in sight!

Vanquished Creatures
  A wyvern (D:8)
  A water moccasin (D:5)
  2 orc warriors (D:6)
  A sky beast (D:7)
  4 phantoms
  4 ogres
  2 centaurs
  A bullfrog (D:6)
  3 scorpions
  2 howler monkeys
  2 crimson imps
  A centaur zombie (D:6)
  A quasit (D:8)
  4 jellies
  3 hounds
  4 orc priests
  3 orc wizards
  2 centaur skeletons (D:5)
  A worker ant (D:4)
  3 iguanas
  A killer bee zombie (D:6)
  A howler monkey zombie (D:5)
  7 gnolls
  8 adders
  2 oozes
  2 adder skeletons
  4 worms
  A dart slug (D:2)
  3 leopard geckos
  25 orcs
  5 giant cockroaches
  10 goblins
  8 hobgoblins
  17 jackals
  7 kobolds
  A quokka (D:3)
  2 ball pythons (D:3)
  7 bats
  5 frilled lizards
  A quokka skeleton (D:4)
  11 rats
173 creatures vanquished.

Notes
Turn   | Place    | Note
-------+----------+-------------------------------------------
     0 | D:1      | Mrkan the Hill Orc Monk began the quest for the Orb.
     0 | D:1      | Reached XP level 1. HP: 19/19 MP: 1/1
    81 | D:1      | Reached XP level 2. HP: 11/27 MP: 2/2
   598 | D:2      | Reached skill level 5 in Axes
   599 | D:2      | Reached XP level 3. HP: 33/33 MP: 3/3
  1326 | D:3      | Reached XP level 4. HP: 33/41 MP: 4/4
  1442 | D:3      | Reached skill level 6 in Axes
  1726 | D:2      | HP: 2/41 [poisoned by an adder]
  1732 | D:2      | Reached skill level 1 in Shields
  1961 | D:3      | Reached XP level 5. HP: 41/47 MP: 5/5
  2167 | D:3      | Noticed an ogre
  2189 | D:3      | Reached skill level 5 in Fighting
  2442 | D:3      | Killed an ogre
  2442 | D:3      | Reached skill level 7 in Axes
  2442 | D:3      | Reached XP level 6. HP: 45/56 MP: 6/6
  2934 | D:4      | Noticed a phantom
  2987 | D:4      | Killed a phantom
  2987 | D:4      | Reached skill level 8 in Axes
  2987 | D:4      | Reached XP level 7. HP: 46/61 MP: 7/7
  3316 | D:5      | Entered Level 5 of the Dungeon
  3577 | D:5      | Reached skill level 9 in Axes
  3708 | D:5      | Reached XP level 8. HP: 62/71 MP: 8/8
  3897 | D:6      | Found a staircase to the Ecumenical Temple.
  3927 | Temple   | Entered the Ecumenical Temple
  4121 | Temple   | Became a worshipper of Zin the Law-Giver
  4121 | Temple   | Reached * piety under Zin
  4121 | Temple   | Reached ** piety under Zin
  4155 | D:6      | Reached skill level 1 in Armour
  4155 | D:6      | Reached skill level 1 in Invocations
  4198 | D:6      | Reached skill level 10 in Axes
  4336 | D:6      | Reached *** piety under Zin
  4924 | D:6      | Reached XP level 9. HP: 69/79 MP: 12/12
  5253 | D:7      | Reached skill level 5 in Invocations
  5275 | D:7      | Reached skill level 11 in Axes
  5469 | D:7      | Found a radiant altar of Vehumet.
  5946 | D:8      | Noticed Erica
  6317 | D:7      | HP: 4/81 [something (1)]
  6320 | D:7      | Killed from afar by Erica

Skill      XL: |  1  2  3  4  5  6  7  8  9 |
---------------+----------------------------+-----
Fighting       | 4 5 6 7 |  7.9
Axes           | 5 6 7 8 9 10 11 | 11.5
Shields        | 1 2 3 4 |  4.1
Armour         | 2 3 |  3.7
Invocations    | 4 6 |  6.5
Dodging        | |  2.4
Stealth        | |  1.5

Action                   |  1- 3 |  4- 6 |  7- 9 || total
-------------------------+-------+-------+-------++-------
Melee: Hand axe          |   122 |   225 |    33 ||   380
       War axe           |       |       |   239 ||   239
Invok: Recite            |       |       |     1 ||     1
  Use: Potion            |       |     2 |     4 ||     6
 Stab: Sleeping          |     2 |       |       ||     2
  Eat: Chunk             |     1 |     6 |     4 ||    11
       Ration            |       |       |     2 ||     2
Armor: Robe              |    18 |       |       ||    18
       Chain mail        |     9 |    69 |       ||    78
       Plate armour      |       |    15 |   153 ||   168
Dodge: Dodged            |    95 |    53 |    60 ||   208
Block: Buckler           |    12 |    73 |   107 ||   192
